 Dungeon Crawl Stone Soup version 0.29-a0-878-g7b45a56547 (webtiles) character file.

Game seed: 224858670413404802

1124 mcwallace the Caller (level 8, -1/42 HPs)
             Began as a Vine Stalker Summoner on July 19, 2022.
             Was an Initiate of Vehumet.
             Slain by a gnoll sergeant
             ... wielding a +0 spear
              (6 damage)
             ... on level 7 of the Dungeon.
             The game lasted 00:14:38 (6103 turns).

mcwallace the Caller (Vine Stalker Summoner)        Turns: 6103, Time: 00:14:39

Health: -1/42      AC:  4    Str: 12    XL:     8   Next: 35%
Magic:  0/16       EV: 13    Int: 17    God:    Vehumet [......]
Gold:   312        SH:  0    Dex: 14    Spells: 12/16 levels left

rFire   + . .      SeeInvis .   I - +5 trident {polearm}
rCold   + . .      Faith    .   (no shield)
rNeg    + . .      Spirit   +   a - +0 robe
rPois   .          Reflect  .   E - +0 helmet
rElec   .          Harm     .   r - scarf {rC+ rF+}
rCorr   .          Rampage  .   (no gloves)
Will    +....                   k - +0 pair of boots
Stlth   ++........              (no amulet)
HPRegen 0.94/turn               G - ring of positive energy
MPRegen 0.15/turn               (no ring)

@: no status effects
A: fangs 3, regeneration 1, magic shield, antimagic bite, no potion heal 2
a: Renounce Religion


You were on level 7 of the Dungeon.
You worshipped Vehumet.
Vehumet was noncommittal.
You visited 1 branch of the dungeon, and saw 7 of its levels.

You collected 312 gold pieces.


Innate Abilities, Weirdness & Mutations

You have razor-sharp teeth.
Your natural rate of healing is unusually fast.
When hurt, damage is shared between your health and your magic reserves.
Your bite disrupts and absorbs the magic of your enemies.
Potions cannot restore your health.


   Skills:
 + Level 3.9 Fighting
 + Level 4.0 Dodging
 - Level 2.4 Stealth
 + Level 4.9 Spellcasting
 + Level 6.0 Summonings
 + Level 3.0 Transmutations


You had 12 spell levels left.
You knew the following spells:

 Your Spells              Type           Power      Damage    Failure   Level
a - Summon Small Mammal   Summ           96%        N/A       1%          1
b - Call Canine Familiar  Summ           24%        N/A       3%          3

Your spell library contained the following spells:

 Spells                   Type           Power      Damage    Failure   Level
 Call Imp                 Summ           24%        N/A       1%          2
 Beastly Appendage        Tmut           28%        N/A       4%          1
 Wereblood                Tmut           14%        N/A       6%          2
 Passwall                 Tmut/Erth      7%         N/A       12%         2
 Summon Guardian Golem    Hex/Summ       14%        N/A       13%         3
 Apportation              Tloc           8%         N/A       14%         1
 Necrotise                Necr           16%        1d4       14%         1
 Ensorcelled Hibernation  Hex/Ice        8%         N/A       22%         2
 Spider Form              Tmut/Pois      9%         N/A       22%         3
 Animate Armour           Summ/Erth      28%        N/A       38%         4
 Summon Ice Beast         Ice/Summ       14%        N/A       38%         4
 Summon Lightning Spire   Summ/Air       14%        N/A       38%         4
 Frozen Ramparts          Ice            8%         1d2       41%         3
 Gell's Gravitas          Tloc           4%         N/A       41%         3
 Lesser Beckoning         Tloc           4%         N/A       41%         3
 Swiftness                Air            4%         N/A       41%         3
 Teleport Other           Tloc           4%         N/A       41%         3
 Ice Form                 Ice/Tmut       9%         N/A       58%         4
 Blade Hands              Tmut           7%         N/A       75%         5
 Airstrike                Air            2%         0-2+      82%         4
 Lightning Bolt           Conj/Air       2%         1d13      99%         5
 Iron Shot                Conj/Erth      2%         9d2       100%        6

Inventory:

Hand Weapons
 p - a +0 sling
   (You found it on level 1 of the Dungeon)
 u - a +3 spectral club {mace}
   (You took it off Jessica on level 2 of the Dungeon)
 z - a +2 dagger of venom {short}
   (You found it on level 2 of the Dungeon)
 I - a +5 trident (weapon) {polearm}
   (You found it on level 3 of the Dungeon)
Missiles
 m - 8 atropa-tipped darts {throwing}
 o - 5 poisoned darts {throwing}
 A - 11 boomerangs {throwing}
 H - 26 stones {throwing}
Armour
 a - a +0 robe (worn)
 b - an orb of energy
   (You found it on level 5 of the Dungeon)
 g - a +0 cloak
   (You found it on level 5 of the Dungeon)
 k - a +0 pair of boots (worn)
   (You found it on level 5 of the Dungeon)
 r - a scarf of resistance (worn)
   (You found it on level 2 of the Dungeon)
 s - a +0 ring mail
   (You found it on level 2 of the Dungeon)
 w - a +0 leather armour
   (You took it off an orc on level 5 of the Dungeon)
 B - a +0 ring mail
   (You found it on level 2 of the Dungeon)
 D - a +0 scale mail
   (You found it on level 5 of the Dungeon)
 E - a +0 helmet (worn)
   (You took it off Robin on level 3 of the Dungeon)
 K - a +0 leather armour
   (You found it on level 3 of the Dungeon)
 M - a +0 leather armour
   (You found it on level 3 of the Dungeon)
 Q - a +0 ring mail
   (You took it off an orc on level 5 of the Dungeon)
 R - a +0 ring mail
   (You took it off an orc on level 5 of the Dungeon)
 S - a +0 leather armour
   (You took it off an orc priest on level 5 of the Dungeon)
 T - a +0 robe
   (You took it off an orc wizard on level 5 of the Dungeon)
 V - a +0 leather armour
   (You found it on level 5 of the Dungeon)
 Y - a +0 ring mail
   (You found it on level 6 of the Dungeon)
Jewellery
 e - an amulet of guardian spirit
   (You found it on level 3 of the Dungeon)
 h - an amulet of faith {!P}
   (You found it on level 1 of the Dungeon)
 G - a ring of positive energy (left hand)
   (You took it off a hobgoblin on level 3 of the Dungeon)
Wands
 n - a wand of iceblast (10)
   (You found it on level 6 of the Dungeon)
 v - a wand of digging (10)
   (You took it off Jessica on level 2 of the Dungeon)
 N - a wand of polymorph (3)
   (You took it off Natasha on level 3 of the Dungeon)
 W - a wand of light (6)
   (You found it on level 5 of the Dungeon)
Scrolls
 c - 2 scrolls of amnesia {unknown}
 d - 3 scrolls of identify {@r1}
 l - 2 scrolls of immolation {unknown}
 y - a scroll of poison {unknown}
 C - 3 scrolls of noise {unknown}
 J - 3 scrolls of enchant armour {unknown}
 U - a scroll of teleportation {unknown}
 X - a scroll of summoning {unknown}
 Z - a scroll of fear {unknown}
Potions
 f - a potion of heal wounds {unknown}
 i - 2 potions of flight {unknown}
 j - 4 potions of attraction {!q}
 q - a potion of haste {unknown}
 t - a potion of invisibility {unknown}
 x - 2 potions of mutation {unknown}
 F - a potion of might {unknown}
 L - a potion of degeneration {unknown}
 O - a potion of cancellation {unknown}
 P - 2 potions of curing {unknown}

Dungeon Overview and Level Annotations

Branches:
Dungeon (7/15) Zot: 26961
 Temple: D:4-7

Altars:
Ashenzari
Cheibriados
Fedhas
Hepliaklqana
Makhleb
Nemelex Xobeh
Qazlal
Vehumet

Shops:
D:7 (

Annotations:
D:2 1 runed translucent door, Crazy Yiuf

.....∩...
#.............##.
#................
#..... ..........
#..)# #.........
#.))# #.........
#.gh# #......#
#..Y# #......#
##..@###......#
###........###.##
........###.###.###
...................
...................
...................
...................
........<..........
.....###...........


You could see a sky beast (ally target), a gnoll sergeant and a friendly hound
(summoned).


Message History

Press: ? - help, Dir - move target, f - gnoll
Aim: a gnoll, wielding a +0 club (about 32% to evade your +5 trident)
You reach to attack!
You puncture the gnoll!
Your hound closely misses the gnoll.
Your hound bites the gnoll.
The gnoll barely misses your hound. The gnoll sergeant misses your hound.
Reach: I) +5 trident {polearm}
Press: ? - help, Dir - move target, f/p - gnoll
Aim: a gnoll, wielding a +0 club (severely wounded, about 32% to evade your +5 trident)
You hit the gnoll. You bite the gnoll.
You kill the gnoll!
Vehumet accepts your kill.
Your hound completely misses the gnoll.
The gnoll sergeant misses your hound.
Your hound completely misses the gnoll.
Your Summonings skill increases to level 6!
Reach: I) +5 trident {polearm}
Press: ? - help, Dir - move target, f - gnoll
Aim: a gnoll, wielding a +0 whip and quivering a throwing net (about 32% to evade your +5 trident)
You reach to attack!
You barely miss the gnoll.
Your hound barely misses the gnoll.
The gnoll sergeant barely misses your hound.
Your hound bites the gnoll.
Reach: I) +5 trident {polearm}
Press: ? - help, Dir - move target, f/p - gnoll
Aim: a gnoll, wielding a +0 whip and quivering a throwing net (about 32% to evade your +5 trident)
You hit the gnoll. Your bite misses the gnoll.
Your hound bites the gnoll.
The gnoll dies!
Vehumet accepts your kill. The gnoll hits you with a +0 whip.
The gnoll sergeant hits your hound with a +0 spear!
Your hound bites the gnoll sergeant but does no damage.
The gnoll hits you with a +0 whip. The gnoll hits you with a +0 flail!
The gnoll sergeant hits your hound with a +0 spear!
Your hound dies!
Your hound's corpse disappears in a puff of smoke! 😮 HP[-12] MP[-2]
You take 12 damage, and now have 30/42 hp.
MASSIVE DAMAGE!! (PAUSE)
You lost 2 mp, and now have 10/16 mp.
Unknown command.
You puncture the gnoll!
You kill the gnoll!
Vehumet accepts your kill. The gnoll hits you with a +0 flail!
A sky beast appears from thin air!
A sky beast comes into view. x2 😮 HP[-5] MP[-2]
You take 5 damage, and now have 25/42 hp.
You lost 2 mp, and now have 8/16 mp.
You hit the gnoll. The gnoll misses you. 😮 HP[+2] MP[+1]
You regained 2 hp, and now have 27/42 hp.
Casting: Call Canine Familiar (dangerous; 3% risk of failure)
Confirm with . or Enter, or press ? or * to list all spells.
The gnoll closely misses you.
The gnoll sergeant closely misses you. 😮 HP[+1] MP[-3]
You lost 3 mp, and now have 6/16 mp.
You puncture the gnoll!
You kill the gnoll!
Vehumet accepts your kill. The gnoll sergeant closely misses you.
The sky beast hits your hound. The sky beast shocks your hound.
The gnoll sergeant hits you from afar with a +0 spear!
* * * LOW HITPOINT WARNING * * *
😨 HP[-8] MP[-2]
You take 8 damage, and now have 20/42 hp.
You lost 2 mp, and now have 4/16 mp.
You swap places.
Your hound barely misses the sky beast.
The sky beast flickers out of sight!
Deactivating autopickup; reactivate with Ctrl-A.
Something hits you.
* * * LOW HITPOINT WARNING * * *
Something shocks you.
* * * LOW HITPOINT WARNING * * *
The gnoll sergeant closely misses you.
Items here: ( )) †. 😨 HP[-4] MP[-1]
You take 4 damage, and now have 16/42 hp.
You lost 1 mp, and now have 3/16 mp.
Your hound bites something.
The gnoll sergeant barely misses you. 😨 HP[+1]
Your hound bites something.
Your hound closely misses something.
A sky beast appears from thin air!
Reactivating autopickup. 😨 HP[+1]
The sky beast attacks as you move away! The sky beast hits you.
* * * LOW HITPOINT WARNING * * *
The sky beast shocks you.
* * * LOW HITPOINT WARNING * * *
Your hound barely misses the sky beast. 😨 HP[-6] MP[-1]
You take 6 damage, and now have 12/42 hp.
You lost 1 mp, and now have 2/16 mp.
As you read the scroll labelled UXIM IFUMUSAORR, it crumbles to dust.
It is a scroll of identify.
j - 4 potions of attraction Your hound bites the sky beast.
The sky beast hits you.
* * * LOW HITPOINT WARNING * * *
The sky beast shocks you.
* * * LOW HITPOINT WARNING * * *
The gnoll sergeant hits you from afar with a +0 spear!
You die...

Skill      XL: |  1  2  3  4  5  6  7  8 |
---------------+-------------------------+-----
Fighting       | 1 2 3 |  3.9
Dodging        | 2 3 4 |  4.0
Spellcasting   | 3 4 |  4.9
Summonings     | 5 6 |  6.0
Transmutations | 1 2 3 |  3.0
Stealth        | |  2.4

Action                   |  1- 3 |  4- 6 |  7- 9 || total
-------------------------+-------+-------+-------++-------
Melee: Club              |    21 |    49 |       ||    70
       Bite              |     5 |    14 |    16 ||    35
       Unarmed           |     1 |     2 |       ||     3
       Trident           |       |    24 |    98 ||   122
       Punch             |       |       |     1 ||     1
 Fire: Sling             |     2 |       |       ||     2
 Cast: Summon Small Mamm |    14 |    28 |    17 ||    59
       Call Canine Famil |       |     4 |    10 ||    14
  Use: Potion            |       |       |     1 ||     1
       Scroll            |       |       |     1 ||     1
 Stab: Sleeping          |     3 |     3 |     3 ||     9
       Distracted        |       |     2 |     1 ||     3
Armor: Robe              |     5 |    13 |    26 ||    44
Dodge: Dodged            |    17 |    37 |    90 ||   144

Levels and vault maps discovered:
D:1:      reono_arrival_forest_river, layout_basic,
          shapermc_ecumenical_altar_mp_urbaneastern
D:2:      layout_basic, basic_altar, uniq_crazy_yiuf_cottage, uniq_jessica
D:3:      layout_basic, uniq_robin, uniq_natasha
D:4:      layout_layer_cave, grunt_temple_overflow_forces_of_nature
D:5:      layout_loops_ring, grunt_temple_overflow_open, lemuel_round_altar,
          uniq_eustachio
D:6:      layout_rooms, vehumet_statue, gammafunk_temple_overflow_statue
D:7:      layout_basic, kennysheep_little_box,
          chequers_temple_overflow_statue_of_worship,
          lemuel_mausoleum_altar_yredelemnul, minmay_temple_entry_butterflies,
          serial_shops, shop, kennysheep_windowed_goal, uniq_menkaure

Notes
Turn   | Place    | Note
-------+----------+-------------------------------------------
     0 | D:1      | mcwallace the Vine Stalker Summoner began the quest for the
                  | Orb.
     0 | D:1      | Reached XP level 1. HP: 9/9 MP: 4/4
     0 | D:1      | magus.rc [v1.9.6]
   126 | D:1      | You pick up a book of Changes and begin reading...
   126 | D:1      | You add the spells Beastly Appendage, Wereblood and Spider
                  | Form to your library.
   457 | D:1      | Reached XP level 2. HP: 12/14 MP: 1/6
   519 | D:1      | Found a faded altar of an unknown god.
  1046 | D:2      | Noticed Jessica
  1050 | D:2      | Killed Jessica
  1051 | D:2      | Reached skill level 1 in Fighting
  1051 | D:2      | Reached skill level 2 in Dodging
  1051 | D:2      | Reached XP level 3. HP: 18/18 MP: 5/8
  1520 | D:2      | Gained mutation: Your natural rate of healing is unusually
                  | fast. [Vine Stalker growth]
  1520 | D:2      | Reached XP level 4. HP: 19/22 MP: 9/9
  1693 | D:2      | Found a runed translucent door.
  1694 | D:2      | Noticed Crazy Yiuf
  1746 | D:2      | Found a stormy altar of Qazlal.
  1760 | D:2      | You pick up a book of Displacement and begin reading...
  1760 | D:2      | You add the spells Lesser Beckoning, Gell's Gravitas and
                  | Teleport Other to your library.
  2117 | D:3      | Noticed Robin
  2140 | D:3      | Killed Robin
  2141 | D:3      | Reached skill level 3 in Spellcasting
  2226 | D:3      | Noticed Natasha
  2254 | D:3      | Killed Natasha
  2255 | D:3      | Reached XP level 5. HP: 21/26 MP: 4/10
  2388 | D:3      | Noticed Natasha
  2397 | D:3      | Killed Natasha
  2398 | D:3      | Reached skill level 2 in Fighting
  2568 | D:3      | You pick up a book of Rime and begin reading...
  2568 | D:3      | You add the spells Frozen Ramparts, Ice Form and Summon Ice
                  | Beast to your library.
  2848 | D:3      | Noticed Natasha
  2856 | D:3      | Killed Natasha
  3136 | D:4      | Learned a level 3 spell: Call Canine Familiar
  3347 | D:4      | Found a blossoming altar of Fedhas.
  3371 | D:4      | Found a stormy altar of Qazlal.
  3422 | D:4      | Reached XP level 6. HP: 29/30 MP: 9/12
  3427 | D:4      | Reached skill level 5 in Summonings
  3702 | D:4      | Noticed a black bear
  3715 | D:4      | Killed a black bear
  3716 | D:4      | Reached skill level 3 in Dodging
  3772 | D:4      | Reached skill level 1 in Transmutations
  4011 | D:4      | Reached skill level 4 in Spellcasting
  4011 | D:4      | Reached XP level 7. HP: 32/35 MP: 4/14
  4544 | D:5      | Entered Level 5 of the Dungeon
  4607 | D:5      | Found a sparkling altar of Nemelex Xobeh.
  4837 | D:5      | HP: 7/35 [orc/+0 war axe (3)]
  4838 | D:5      | Noticed Eustachio
  4841 | D:5      | Reached skill level 3 in Fighting
  4964 | D:5      | Killed Eustachio
  4965 | D:5      | Reached skill level 2 in Transmutations
  5125 | D:5      | Found a burning altar of Makhleb.
  5130 | D:5      | Found a snail-covered altar of Cheibriados.
  5474 | D:6      | You pick up a book of Burglary and begin reading...
  5474 | D:6      | You add the spells Passwall, Ensorcelled Hibernation and
                  | Swiftness to your library.
  5500 | D:6      | You pick up a book of Iron and begin reading...
  5500 | D:6      | You add the spells Animate Armour, Blade Hands and Iron
                  | Shot to your library.
  5545 | D:6      | You pick up a book of Storms and begin reading...
  5545 | D:6      | You add the spells Airstrike and Lightning Bolt to your
                  | library.
  5584 | D:6      | Gained mutation: You have razor-sharp teeth. [Vine Stalker
                  | growth]
  5584 | D:6      | Reached XP level 8. HP: 40/40 MP: 13/15
  5705 | D:6      | Found a broken altar of Ashenzari.
  5706 | D:6      | Found a hazy altar of Hepliaklqana.
  5786 | D:6      | Found a radiant altar of Vehumet.
  5805 | D:6      | Became a worshipper of Vehumet
  6002 | D:6      | Reached skill level 4 in Dodging
  6002 | D:6      | Reached skill level 3 in Transmutations
  6082 | D:7      | Found Zoorr's Antique Weapon Emporium.
  6083 | D:7      | You pick up a book of Cantrips and begin reading...
  6083 | D:7      | You add the spells Necrotise and Apportation to your
                  | library.
  6093 | D:7      | Reached skill level 6 in Summonings
  6103 | D:7      | HP: 10/42 [sky beast (3)]
  6103 | D:7      | Slain by a gnoll sergeant

Vanquished Creatures
  Eustachio (D:5)
  An ogre (D:4)
  A bullfrog (D:6)
  A jelly (D:6)
  An orc priest (D:5)
  2 hounds
  Jessica (D:2)
  2 iguanas
  An orc wizard (D:5)
  Natasha (thrice) (D:3)
  A statue (D:6)
  7 adders
  9 gnolls
  A shadow imp (D:6)
  An ufetubus (D:5)
  A worm (D:2)
  3 dart slugs
  7 orcs (D:5)
  4 ball pythons
  4 endoplasms
  3 giant cockroaches
  7 goblins (D:3)
  7 hobgoblins
  4 jackals (D:5)
  2 kobolds
  2 bats
  A rat (D:1)
78 creatures vanquished.

Vanquished Creatures (collateral kills)
  A black bear (D:4)
  An ogre (D:6)
  A bullfrog (D:6)
  Robin (D:3)
  2 gnolls
  An adder (D:2)
  2 orcs
  2 endoplasms (D:1)
  A giant cockroach (D:1)
  A goblin (D:1)
  3 hobgoblins
  A frilled lizard (D:1)
17 creatures vanquished.

Vanquished Creatures (others)
  A fungus (D:4)
  A plant (D:4)
2 creatures vanquished.

Grand Total: 97 creatures vanquished

Table legend:
 A = Non-vault XP
 B = Vault XP
 C = Vault XP percentage of total XP
 D = Non-vault monster count
 E = Vault monster count
 F = Vault count percentage of total count
                 A         B        C        D         E       F
            +---------+---------+-------+---------+---------+-------
      Total |    1271 |     335 |  20.9 |      79 |      16 |  16.8
            +---------+---------+-------+---------+---------+-------
        D:1 |      12 |       0 |   0.0 |       7 |       0 |   0.0
        D:2 |      43 |      37 |  46.2 |       8 |       1 |  11.1
        D:3 |     143 |      70 |  32.9 |      15 |      13 |  46.4
        D:4 |     342 |       0 |   0.0 |      14 |       0 |   0.0
        D:5 |     170 |     196 |  53.6 |      18 |       1 |   5.3
        D:6 |     504 |      32 |   6.0 |      13 |       1 |   7.1
        D:7 |      57 |       0 |   0.0 |       4 |       0 |   0.0
            +---------+---------+-------+---------+---------+-------

Illustrated notes

Table legend:
 A = Kills in this place as a percentage of kills in entire the game.
 B = Kills by you in this place as a percentage of kills by you in the entire game.
 C = Kills by friends in this place as a percentage of kills by friends in the entire game.
 D = Other kills in this place as a percentage of other kills in the entire game.
 E = Experience gained in this place as a percentage of experience gained in the entire game.
 F = Experience gained in this place divided by the number of levels of this place that you have seen.
                   A       B       C       D       E      F
               +-------+-------+-------+-------+-------+----------------------
         Total | 100.0 | 100.0 | 100.0 |   N/A | 100.0 | 229.4
       Dungeon | 100.0 | 100.0 | 100.0 |   N/A | 100.0 | 229.4
               +-------+-------+-------+-------+-------+----------------------

Table legend: (Time is in decaauts)
 A = Elapsed time spent in this place.
 B = Non-inter-level travel time spent in this place.
 C = Inter-level travel time spent in this place.
 D = Time resting spent in this place.
 E = Time spent auto-exploring this place.
 F = Levels seen in this place.
 G = Mean time per level.
                   A        B        C        D        E       F      G
               +--------+--------+--------+--------+--------+-----+--------+
         Total |   6165 |   5993 |    172 |     13 |   5015 |   7 |  880.7 |
       Dungeon |   6165 |   5993 |    172 |     13 |   5015 |   7 |  880.7 |
               +--------+--------+--------+--------+--------+-----+--------+

Top non-repeatable levels by time:
     D:4: 1440 daAuts
     D:2: 1121 daAuts
     D:3: 1031 daAuts
     D:1: 994 daAuts
     D:5: 929 daAuts
     D:6: 610 daAuts
     D:7: 37 daAuts
